 Dungeon Crawl Stone Soup version 0.28.0-53-g5a82cb258f (webtiles) character file.

Game seed: 16036240306745955386

82 Gabide the Skirmisher (level 4, 0/37 HPs)
             Began as a Mummy Berserker on June 3, 2022.
             Was a Believer of Trog.
             Slain by a wyvern zombie (8 damage)
             ... on level 3 of the Dungeon.
             The game lasted 00:02:44 (2444 turns).

Gabide the Skirmisher (Mummy Berserker)             Turns: 2444, Time: 00:02:44

Health: 0/37       AC:  9    Str: 22    XL:     4   Next: 21%
Magic:  4/4        EV:  8    Int:  6    God:    Trog [**....]
Gold:   94         SH:  0    Dex: 11    Spells: 3/3 levels left

rFire   x . .      SeeInvis .     - Unarmed
rCold   + . .      Faith    .   (no shield)
rNeg    + + +      Spirit   .   b - +0 chain mail
rPois   ∞          Reflect  .   (no helmet)
rElec   .          Harm     .   g - +0 cloak
rCorr   .          Rampage  .   (no gloves)
Will    .....                   (no boots)
Stlth   ..........              (no amulet)
HPRegen 0.12/turn               (no ring)
MPRegen 0.09/turn               (no ring)

@: no status effects
A: cold resistance 1, negative energy resistance 3, torment resistance 2, heat
vulnerability 1, no potions
a: Renounce Religion, Trog's Hand


You were on level 3 of the Dungeon.
You worshipped Trog.
Trog was pleased with you.
You visited 1 branch of the dungeon, and saw 3 of its levels.

You collected 94 gold pieces.

Inventory:

Missiles
 f - 56 stones (quivered)
Armour
 a - a +0 animal skin
 b - a +0 chain mail (worn)
 g - a +0 cloak (worn)
Scrolls
 c - 3 scrolls of teleportation
 d - a scroll of fear {unknown}
 e - a scroll of amnesia {unknown}
 h - a scroll of enchant armour {unknown}


   Skills:
 + Level 3.8 Fighting
 - Level 1.5 Armour
 + Level 2.4 Dodging
 + Level 3.1 Unarmed Combat


You had 3 spell levels left.
You didn't know any spells.
Your spell library was empty.

Dungeon Overview and Level Annotations

Branches:
Dungeon (3/15)

Altars:
Ashenzari
Uskayaw

Shops:
D:1 !


Innate Abilities, Weirdness & Mutations

You are immune to poison.
Your flesh is cold resistant. (rC+)
You are immune to negative energy. (rN+++)
You are immune to unholy pain and torment.
You are vulnerable to heat. (rF-)
You do not drink.


Message History

The wyvern zombie is lightly damaged.
The wyvern zombie bites you.
You hit the wyvern zombie but do no damage.
The wyvern zombie is lightly damaged.
The wyvern zombie bites you.
You hit the wyvern zombie.
The wyvern zombie is moderately damaged.
The wyvern zombie misses you.
You punch the wyvern zombie!
The wyvern zombie is moderately damaged.
The wyvern zombie barely misses you. x2
You hit the wyvern zombie.
The wyvern zombie is heavily damaged.
The wyvern zombie bites you.
You are too injured to fight recklessly!
You are too injured to fight recklessly!
You are too injured to fight recklessly!
You are too injured to fight recklessly!
You are too injured to fight recklessly!
You are too injured to fight recklessly!
You are too injured to fight recklessly!
You are too injured to fight recklessly!
You are too injured to fight recklessly!
You are too injured to fight recklessly!
You are too injured to fight recklessly!
You are too injured to fight recklessly!
You are too injured to fight recklessly!
You are too injured to fight recklessly!
You are too injured to fight recklessly!
You hit the wyvern zombie.
The wyvern zombie is heavily damaged.
The wyvern zombie bites you.
You hit the wyvern zombie.
The wyvern zombie is severely damaged.
The wyvern zombie bites you.
* * * LOW HITPOINT WARNING * * *
You hit the wyvern zombie.
The wyvern zombie is severely damaged.
The wyvern zombie bites you!
You die...

.......##.##.............
.......#...#..##.....####
..._...+...#.###..>..#
.......#...#.# #.....#
........###.)###.....#
....................^#
.##+##.⌠#.....########
#...####...###
#.....Z@..## #...#.....#
# #.$.### ....## .....
######


You could see a wyvern zombie.

Vanquished Creatures
  3 adders
  3 worms (D:2)
  3 dart slugs
  2 ball pythons
  5 bats
  4 endoplasms
  A giant cockroach (D:1)
  2 goblins
  2 hobgoblins
  A quokka (D:2)
  5 frilled lizards
  6 kobolds
  5 rats
42 creatures vanquished.

Vanquished Creatures (others)
  2 fungi (D:1)
  3 plants (D:1)
5 creatures vanquished.

Grand Total: 47 creatures vanquished

Notes
Turn   | Place    | Note
-------+----------+-------------------------------------------
     0 | D:1      | Gabide the Mummy Berserker began the quest for the Orb.
     0 | D:1      | Reached XP level 1. HP: 18/18 MP: 1/1
   312 | D:1      | Found Tymarch's Distillery.
   385 | D:1      | Reached XP level 2. HP: 24/24 MP: 2/2
   766 | D:1      | Found a faded altar of an unknown god.
   912 | D:2      | Reached XP level 3. HP: 14/29 MP: 3/3
  1819 | D:2      | Reached ** piety under Trog
  2025 | D:3      | Noticed a +0 hand axe
  2025 | D:3      | Noticed a +0 hand axe
  2026 | D:3      | Found a hide-covered altar of Uskayaw.
  2078 | D:3      | Reached XP level 4. HP: 17/37 MP: 4/4
  2388 | D:3      | Found a broken altar of Ashenzari.
  2444 | D:3      | Slain by a wyvern zombie

Illustrated notes

Levels and vault maps discovered:
D:1:      dpeg_arrival_concentric_ovals, layout_rooms,
          shapermc_ecumenical_altar_mp_urbaneastern, serial_shops, shop,
          roderic_serpentine_path
D:2:      layout_basic, st_stairs_2
D:3:      layout_rooms, mainiacjoe_overflow_concentric_impassable,
          dancing_weapons_uskayaw, evilmike_ruin_ashenzari

Skill      XL: |  1  2  3 |
---------------+----------+-----
Dodging        | 2 |  2.4
Unarmed Combat | 3 |  3.1
Fighting       | |  3.8
Armour         | |  1.5

Action                   |  1- 3 |  4- 6 || total
-------------------------+-------+-------++-------
Melee: Unarmed           |   165 |    46 ||   211
       Punch             |     5 |       ||     5
Throw: Stone             |    15 |     1 ||    16
  Use: Scroll            |     1 |       ||     1
Armor: Chain mail        |    66 |    54 ||   120
       Animal skin       |     2 |       ||     2
Dodge: Dodged            |    60 |    33 ||    93
